 Dungeon Crawl Stone Soup version 0.31-a0-366-ga77b45bd9b (webtiles) character file.

Game seed: 4657975417232983463

1382 AdnanSaban the Cudgeller (level 8, -4/50 HPs)
             Began as a Gargoyle Fighter on July 28, 2023.
             Was a Believer of Okawaru.
             Killed by divine providence
             ... invoked by an orc priest
              (13 damage)
             ... on level 6 of the Dungeon.
             The game lasted 00:05:38 (4957 turns).

AdnanSaban the Cudgeller (Gargoyle Fighter)         Turns: 4957, Time: 00:05:38

Health: -4/50      AC: 22    Str: 21    XL:     8   Next: 67%
Magic:  8/8        EV:  6    Int: 10    God:    Okawaru [**....]
Gold:   316        SH:  0    Dex:  9    Spells: 7/7 levels left

rFire   . . .        a - +0 flail
rCold   . . .        c - +0 buckler
rNeg    + . .        u - +0 plate armour
rPois   ∞            i - +0 helmet
rElec   +            (no cloak)
rCorr   .            f - +1 pair of gloves
SInv    .            (no boots)
Will    .....        (no amulet) Stlth
                     (no ring)
HPRegen 0.28/turn    (no ring)
MPRegen 0.11/turn

%: no passive effects
@: confused
A: sickness immunity, AC +5, negative energy resistance 1, electricity
resistance, torment resistance 1, petrification resistance
a: Renounce Religion, Heroism


You were on level 6 of the Dungeon.
You worshipped Okawaru.
Okawaru was pleased with you.
You visited 2 branches of the dungeon, and saw 7 of its levels.

You collected 316 gold pieces.

Inventory:

Hand Weapons
 a - a +0 flail (weapon)
 D - a +0 club
Missiles
 b - a throwing net
 g - 9 javelins
 n - 12 poisoned darts (quivered)
Armour
 c - a +0 buckler (worn)
 f - a +1 pair of gloves (worn)
 i - a +0 helmet (worn)
 u - a +0 plate armour (worn)
 E - a +0 leather armour
Jewellery
 C - a +6 ring of strength
Wands
 x - a wand of flame (10)
 B - a wand of light (11)
Scrolls
 e - 2 scrolls of revelation {unknown}
 h - a scroll of fog {unknown}
 j - a scroll of torment {unknown}
 k - 2 scrolls of immolation {unknown}
 l - 4 scrolls of fear {unknown}
 m - 3 scrolls of teleportation {unknown}
 o - a scroll of blinking {unknown}
 p - 2 scrolls of enchant weapon {unknown}
 v - 3 scrolls of enchant armour {unknown}
 w - a scroll of amnesia {unknown}
 y - a scroll of identify {unknown}
Potions
 d - 2 potions of might
 q - 2 potions of degeneration {unknown}
 r - 2 potions of haste {unknown}
 s - 2 potions of mutation {unknown}
 t - a potion of heal wounds {unknown}
 z - a potion of magic {unknown}
 A - a potion of curing {unknown}


   Skills:
 + Level 5.5 Fighting
 + Level 7.1 Maces & Flails
 + Level 0.3 Throwing
 + Level 6.5 Armour
 + Level 1.4 Dodging
 + Level 4.8 Shields


You had 7 spell levels left.
You didn't know any spells.
Your spell library contained the following spells:

 Spells                   Type           Power      Damage    Failure   Level
 Magic Dart               Conj           0%         1d3       100%        1
 Searing Ray              Conj           0%         2d4       100%        2
 Portal Projectile        Hex/Tloc       0%         N/A       100%        3
 Anguish                  Hex/Necr       0%         N/A       100%        4
 Cause Fear               Hex            0%         N/A       100%        4
 Fulminant Prism          Conj/Hex       0%         3d5       100%        4
 Leda's Liquefaction      Hex/Erth       0%         N/A       100%        4
 Enfeeble                 Hex            0%         N/A       100%        7
 Call Canine Familiar     Summ           Unusable   N/A       N/A         3

Dungeon Overview and Level Annotations

Branches:
Dungeon (6/15)             Temple (1/1) D:4

Altars:
Ashenzari
Cheibriados
Dithmenos
Elyvilon
Fedhas
Gozag
Hepliaklqana
Makhleb
Okawaru
Qazlal
Ru
Sif Muna
Trog
Uskayaw
Vehumet
Wu Jian
Xom
The Shining One

Shops:
D:5 *


Innate Abilities, Weirdness & Mutations

You are immune to sickness and miasma.
Your stone body is resilient. (AC +5)
You are immune to poison.
You resist negative energy. (rN+)
You are resistant to electric shocks. (rElec)
You are resistant to unholy torment.
You are immune to petrification.


Message History

You are confused.
The orc warrior barely misses you.
You bump into the rock wall.
The orc warrior hits you but does no damage.
The orc warrior attacks as you move away!
The orc warrior hits you with a +0 mace!
You sock the orc warrior!
The orc warrior is moderately wounded.
The orc priest calls down the wrath of Beogh upon you.
Something writhes in agony.
The orc warrior hits you with a +0 mace.
You miss something. Something hits you but does no damage.
The orc priest calls upon Beogh to heal the orc warrior.
The orc warrior is healed somewhat.
The orc warrior hits you but does no damage.
You bump into the rock wall.
You feel less confused. Something hits you.
The orc warrior hits you but does no damage.
Something hits you but does no damage. Something hits you.
You block something's attack. Something hits you but does no damage.
Something hits you but does no damage.
You hear some strange, mumbled words.
You are confused.
The orc priest invokes the aid of Beogh against you.
Beogh smites you!
* * * LOW HITPOINT WARNING * * *
You're too confused to aim your attacks!
You're too confused to aim your attacks!
You hear some strange, mumbled words.
A puff of flame appears from out of thin air!
The puff of flame hits you but does no damage.
The orc priest looks satisfied for a moment.
You're too confused to move!
Something hits you but does no damage.
You miss something.
The orc priest mumbles some strange prayers to Beogh against you.
Beogh smites you!
You die...

######## #......# ##### #......#
#...# ###......#
#...######........#
##############..........#......#
##.....#.....##.@.o#######.......
#.............#....o.....#.......
..................######........#
....).............# ##...#..##
...............#### ###...###
.......÷.....[.# ##...##
.......).......### ##.#..#
....>^....)(.....#### #..##.#
#.............##....#######.###..


You could see an orc warrior and an orc priest.

Vanquished Creatures
  A water moccasin (D:6)
  2 centaurs
  An ogre (D:5)
  2 bullfrogs
  6 scorpions
  2 jellies
  3 hounds
  A gnoll bouda (D:4)
  2 sleepcaps
  An iguana (D:4)
  2 orc wizards
  7 gnolls
  A river rat (D:5)
  6 adders
  An ufetubus (D:4)
  4 worms
  2 dart slugs (D:2)
  9 orcs
  5 bats
  2 endoplasms
  2 giant cockroaches
  10 goblins
  5 hobgoblins
  3 jackals (D:2)
  3 quokkas
  10 ball pythons
  4 frilled lizards
  4 kobolds
  10 rats
  A spectral kobold (D:4)
112 creatures vanquished.

Notes
Turn   | Place    | Note
-------+----------+-------------------------------------------
     0 | D:1      | AdnanSaban the Gargoyle Fighter began the quest for the
                  | Orb.
     0 | D:1      | Reached XP level 1. HP: 14/14 MP: 1/1
   173 | D:1      | Reached XP level 2. HP: 19/19 MP: 2/2
   744 | D:2      | Reached XP level 3. HP: 10/24 MP: 3/3
  1481 | D:3      | Reached skill level 3 in Maces & Flails
  1481 | D:3      | Reached XP level 4. HP: 29/29 MP: 4/4
  2045 | D:4      | Noticed a scorpion
  2050 | D:4      | Killed a scorpion
  2051 | D:4      | Reached skill level 1 in Dodging
  2051 | D:4      | Reached XP level 5. HP: 32/33 MP: 5/5
  2079 | D:4      | Found a staircase to the Ecumenical Temple.
  2085 | Temple   | Entered the Ecumenical Temple
  2094 | Temple   | Became a worshipper of Warmaster Okawaru
  2200 | D:4      | Reached skill level 4 in Maces & Flails
  2227 | D:4      | Reached * piety under Okawaru
  2228 | D:4      | Reached XP level 6. HP: 35/38 MP: 6/6
  2581 | D:4      | Reached skill level 5 in Maces & Flails
  2641 | D:4      | Found a glowing golden altar of the Shining One.
  2684 | D:4      | Found a hazy altar of Hepliaklqana.
  2864 | D:4      | Identified the +6 hand axe "Ekheqy" {flame, *Slow Dex+7}
  3330 | D:5      | Entered Level 5 of the Dungeon
  3385 | D:5      | Reached skill level 5 in Armour
  3385 | D:5      | Reached XP level 7. HP: 39/44 MP: 7/7
  3848 | D:5      | Found a radiant altar of Vehumet.
  4062 | D:5      | Reached skill level 6 in Maces & Flails
  4156 | D:5      | Reached ** piety under Okawaru
  4157 | D:5      | Reached skill level 5 in Fighting
  4157 | D:5      | Reached XP level 8. HP: 49/49 MP: 8/8
  4431 | D:5      | Found Oboj's General Store.
  4684 | D:5      | Reached skill level 7 in Maces & Flails
  4957 | D:6      | Killed from afar by an orc priest

Illustrated notes

Levels and vault maps discovered:
D:1:      eino_arrival_druids_welcome, layout_rooms, hangedman_decor_riveting
D:2:      layout_basic, minmay_rat_gold_closets
D:3:      layout_loops_ring, minmay_fractal_squares_5
D:4:      layout_basic, tso_altar, nicolae_hepliaklqana_monster_ancestors,
          minmay_temple_entry_fiery
D:5:      layout_rooms, mainiacjoe_overflow_six_doors_small, serial_shops,
          nicolae_shop_behind_doors, portal_sewer_entry_a
D:6:      layout_rooms, nemelex_diamond_rough_becter,
          mainiacjoe_overflow_brackets, mainiacjoe_overflow_catwalk
Temple:   minmay_freezing_vapour_temple

Skill      XL: |  1  2  3  4  5  6  7  8 |
---------------+-------------------------+-----
Fighting       | 4 5 |  5.5
Maces & Flails | 3 4 5 6 7 |  7.1
Dodging        | 1 |  1.4
Armour         | 4 5 6 |  6.5
Shields        | 4 |  4.8
Throwing       | |  0.3

Action                     |  1- 3 |  4- 6 |  7- 9 || total
---------------------------+-------+-------+-------++-------
  Melee: Flail             |   127 |   150 |   232 ||   509
  Throw: Dart              |       |     4 |       ||     4
 Armour: Scale mail        |    64 |    15 |       ||    79
         Plate armour      |       |   110 |   306 ||   416
  Dodge: Dodged            |    70 |    46 |   125 ||   241
  Block: Buckler           |    15 |    19 |    86 ||   120

Table legend: (Time is in decaauts)
 A = Elapsed time spent in this place.
 B = Non-inter-level travel time spent in this place.
 C = Inter-level travel time spent in this place.
 D = Time resting spent in this place.
 E = Time spent auto-exploring this place.
 F = Levels seen in this place.
 G = Mean time per level.
                   A        B        C        D        E       F      G
               +--------+--------+--------+--------+--------+-----+--------+
         Total |   5069 |   4725 |    344 |    388 |   3155 |   7 |  724.1 |
       Dungeon |   5051 |   4711 |    340 |    388 |   3155 |   6 |  841.8 |
        Temple |     17 |     13 |      4 |      0 |      0 |   1 |   17.0 |
               +--------+--------+--------+--------+--------+-----+--------+

Top non-repeatable levels by time:
     D:4: 1712 daAuts
     D:5: 969 daAuts
     D:2: 789 daAuts
     D:3: 680 daAuts
     D:1: 615 daAuts
     D:6: 285 daAuts
  Temple: 17 daAuts
